 Dungeon Crawl Stone Soup version 0.31.0-9-g3a7656b989 (webtiles) character file.

Game seed: 11632123845933938851

58 qw the Shooter (level 3, -5/18 HPs)
             Began as a Spriggan Hunter on Feb 2, 2024.
             Slain by Robin
             ... wielding a +2 dagger of venom
              (6 damage)
             ... on level 2 of the Dungeon.
             The game lasted 00:00:02 (569 turns).

qw the Shooter (Spriggan Hunter)                     Turns: 569, Time: 00:00:03

Health: -5/18      AC:  2    Str:  7    XL:     3   Next: 75%
Magic:  4/4        EV: 19    Int: 10    God:
Gold:   96         SH:  0    Dex: 20    Spells: 2/2 levels left

rFire   . . .        a - +0 shortbow
rCold   . . .        (shield currently unavailable)
rNeg    . . .        c - +0 robe
rPois   .            (helmet restricted)
rElec   .            (no cloak)
rCorr   .            (gloves unavailable)
SInv    +            (boots unavailable)
Will    +....        (no amulet)
Stlth   ++           i - ring of willpower
HPRegen 0.23/turn    (no ring)
MPRegen 0.09/turn

%: no passive effects
@: very quick
A: very small, no large weapons, unfitting armour, see invisible, speed 3
a: no special abilities


You were on level 2 of the Dungeon.
You visited 1 branch of the dungeon, and saw 2 of its levels.

You collected 96 gold pieces.


Innate Abilities, Weirdness & Mutations

You are very small and have problems with some larger weapons.
You are too small for most types of armour.
You have supernaturally acute eyesight. (SInv)
You cover ground extremely quickly. (Speed+++)


   Skills:
 - Level 1.5 Fighting
 + Level 5.0 Ranged Weapons
 - Level 4.0 Dodging
 - Level 1.5 Stealth


You had 2 spell levels left.
You didn't know any spells.
Your spell library was empty.

Inventory:

Hand Weapons
 a - a +0 shortbow (weapon)
Armour
 c - a +0 robe (worn)
Jewellery
 i - a ring of willpower (left hand)
Scrolls
 b - a scroll of vulnerability {unknown}
 j - a scroll of teleportation {unknown}
 k - a scroll of noise {unknown}
 l - 3 scrolls of enchant armour {unknown}
Potions
 e - a potion of magic {unknown}
 f - a potion of brilliance {unknown}
 g - a potion of enlightenment {unknown}
 h - a potion of mutation {unknown}

Dungeon Overview and Level Annotations

Branches:
Dungeon (2/15)

Altars:

Annotations:
D:2 Robin


Message History

Robin throws the goblin at you!
You shoot an arrow. The arrow barely misses the goblin.
The goblin hits you with a +0 dagger.
Robin roars a battlecry!
The goblins go into a battle-frenzy!
The goblin closely misses you. x2
You shoot an arrow. The arrow completely misses the goblin.
The goblin completely misses you. x2; The goblin misses you.
You shoot an arrow. The arrow hits the goblin.
The goblin is almost dead.
The goblin completely misses you.
The goblin hits you with a +0 dagger. x2
561 ||| DRINKING potion of heal wounds.
You feel much better. The goblin hits you with a +0 dagger.
The goblin completely misses you. x2
You shoot an arrow. The arrow completely misses the goblin.
The goblin closely misses you. The goblin misses you.
The goblin closely misses you.
You shoot an arrow. The arrow hits the goblin!
You kill the goblin!
The goblin barely misses you. The goblin misses you.
You shoot an arrow. The arrow closely misses the goblin.
The goblin closely misses you. x2; Robin throws the goblin at you!
The goblin closely misses you. The goblin hits you with a +0 dagger.
You shoot an arrow. The arrow hits the goblin.
The goblin is severely wounded.
The goblin misses you. x2
You shoot an arrow. The arrow barely misses the goblin.
The goblin hits you but does no damage. Robin barely misses you.
The goblin barely misses you.
You shoot an arrow. The arrow barely misses the goblin.
The goblin hits you with a +0 dagger. Robin misses you.
The goblin barely misses you.
You shoot an arrow. The arrow hits the goblin!
You kill the goblin!
The goblin hits you with a +0 dagger. Robin misses you.
Your Ranged Weapons skill increases to level 5!
You shoot an arrow. The arrow hits Robin.
Robin is lightly wounded.
Robin hits you with a +2 dagger of venom.
You die...
Robin calls out, "Let's celebrate!
Time for a feast!"

...####.#.##### .#
#.#...... #.####### #.#
# #.. # .# ..# #.#
.>...##### #########.#
)...).g@)# #[.....##.#
..######g#####.####.##.#
#....##.# #.##..
####.##.# #..... #%##.#
#..... #....# ##....
###### #.... #.... #....


You could see Robin and a goblin (strong).

Vanquished Creatures
  A gnoll (D:1)
  A dart slug (D:2)
  2 ball pythons
  A bat (D:1)
  3 endoplasms
  5 giant cockroaches
  12 goblins
  4 hobgoblins
  A quokka (D:1)
  5 kobolds
  3 rats
38 creatures vanquished.

Notes
Turn   | Place    | Note
-------+----------+-------------------------------------------
     0 | D:1      | qw the Spriggan Hunter began the quest for the Orb.
     0 | D:1      | Reached XP level 1. HP: 10/10 MP: 2/2
     0 | D:1      | 0 ||| qw: Version: 0.3-a-155-g5e7d8dd
     0 | D:1      | 0 ||| qw: Game counter: 2612
     0 | D:1      | 0 ||| qw: Melee chars always use a shield: true
     0 | D:1      | 0 ||| qw: God list: Okawaru
     0 | D:1      | 0 ||| qw: Allow faded altars: false
     0 | D:1      | 0 ||| qw: Do Orc after clearing Dungeon:15 true
     0 | D:1      | 0 ||| qw: Do second Lair branch before Depths: true
     0 | D:1      | 0 ||| qw: Lair rune preference: random
     0 | D:1      | 0 ||| qw: Goals: Normal
     0 | D:1      | 0 ||| PLANNING D:1-11
    22 | D:1      | Reached skill level 3 in Dodging
    91 | D:1      | Reached XP level 2. HP: 14/14 MP: 3/3
   323 | D:1      | Reached XP level 3. HP: 15/18 MP: 4/4
   399 | D:1      | 399 ||| UPGRADING to ring of willpower.
   400 | D:1      | 400 ||| READING scroll labelled QYSALU GUNEOM.
   401 | D:1      | 401 ||| DRINKING 2 golden potions.
   402 | D:1      | 402 ||| DROPPING scroll of butterflies.
   539 | D:2      | Noticed Robin
   560 | D:2      | HP: 3/18 [goblin/+0 dagger[Robin] (4)]
   561 | D:2      | 561 ||| DRINKING potion of heal wounds.
   568 | D:2      | HP: 1/18 [goblin/+0 dagger[Robin] (6)]
   569 | D:2      | Reached skill level 5 in Ranged Weapons
   569 | D:2      | Slain by Robin

Levels and vault maps discovered:
D:1:      amcnicky_arrival_double_pillar, layout_basic
D:2:      layout_basic, uniq_robin

Skill      XL: |  1  2  3 |
---------------+----------+-----
Dodging        | 3 4 |  4.0
Ranged Weapons | 5 |  5.0
Fighting       | |  1.5
Stealth        | |  1.5

Action                     || total
---------------------------++-------
   Fire: Shortbow          ||   102
    Use: Potion            ||     2
         Scroll            ||     1
 Armour: Robe              ||    27
  Dodge: Dodged            ||    68

Table legend:
 A = Non-vault XP
 B = Vault XP
 C = Vault XP percentage of total XP
 D = Non-vault monster count
 E = Vault monster count
 F = Vault count percentage of total count
                 A         B        C        D         E       F
            +---------+---------+-------+---------+---------+-------
      Total |      65 |      18 |  21.7 |      29 |       9 |  23.7
            +---------+---------+-------+---------+---------+-------
        D:1 |      49 |       0 |   0.0 |      21 |       0 |   0.0
        D:2 |      16 |      18 |  52.9 |       8 |       9 |  52.9
            +---------+---------+-------+---------+---------+-------
